 Dungeon Crawl Stone Soup version 0.20-a0-809-gaf7f668 (console) character file.

460 nht the Cleaver (level 7, 0/56 HPs)
             Began as a Hill Orc Gladiator on Mar 3, 2017.
             Was an Initiate of Beogh.
             Succumbed to a scorpion's poison
             ... on level 5 of the Dungeon.
             The game lasted 00:03:55 (3671 turns).

nht the Cleaver (Hill Orc Gladiator)                Turns: 3671, Time: 00:03:56

Health: 0/56       AC:  6    Str: 24    XL:     7   Next: 7%
Magic:  7/7        EV: 12    Int: 13    God:    Beogh [......]
Gold:   220        SH:  0    Dex: 12    Spells: 6/6 levels left

rFire    . . .     SeeInvis .   a - +0 war axe
rCold    . . .     Gourm    .   b - +0 leather armour
rNeg     . . .     Faith    .   (no shield)
rPois    .         Spirit   .   l - +0 helmet
rElec    .         Reflect  .   (no cloak)
rCorr    .         Harm     .   (no gloves)
MR       .....     Clarity  +   (no boots)
Stlth    +.........             (no amulet)
Regen    0.2/turn               (no ring)
MPRegen  0.1/turn               (no ring)

@: mighty, brilliant, lethally poisoned (0 -> -2), flying, very slightly
contaminated, hasted, invisible, very quick
A: slimy green scales 1, clarity
a: Renounce Religion


You were on level 5 of the Dungeon.
You worshipped Beogh.
Beogh was noncommittal.
You were not hungry.

You visited 1 branch of the dungeon, and saw 5 of its levels.

You collected 220 gold pieces.

Inventory:

Hand Weapons
 a - a +0 war axe (weapon)
Missiles
 d - 3 throwing nets (quivered)
Armour
 b - a +0 leather armour (worn)
 l - a +0 helmet (worn)
Jewellery
 p - an uncursed amulet of faith {unknown}
Wands
 q - a wand of polymorph (6/24)
 v - a wand of digging (18/24)
Scrolls
 c - 2 scrolls of remove curse {unknown}
 h - 4 scrolls of amnesia {unknown}
 j - 4 scrolls of identify {unknown}
 o - 2 scrolls of magic mapping {unknown}
 r - 3 scrolls of teleportation {unknown}
 s - 3 scrolls of fog {unknown}
 u - a scroll of blinking {unknown}
 x - 2 scrolls of enchant armour {unknown}
Potions
 k - a potion of might
Books
 e - a book of Minor Magic

   Spells                             Type                      Level
   a - Magic Dart                     Conjuration                  1
   b - Blink                          Translocation                2
   c - Call Imp                       Summoning                    2
   d - Slow                           Hexes                        2
   e - Conjure Flame                  Conjuration/Fire             3
   f - Mephitic Cloud                 Conjuration/Poison/Air       3
Comestibles
 f - 7 bread rations
 m - a royal jelly
 n - 2 meat rations
 A - 2 chunks of flesh


   Skills:
 - Level 2.4 Fighting
 + Level 10.1 Axes
 - Level 1.7 Throwing
 - Level 2.4 Dodging


You had 6 spell levels left.
You didn't know any spells.

Dungeon Overview and Level Annotations

Branches:
Dungeon (5/15)
 Temple: D:4-7

Altars:
Cheibriados
Sif Muna
Trog

Annotations:
D:5 Dowan, Duvessa


Innate Abilities, Weirdness & Mutations

You are partially covered in slimy green scales. (AC +2)
You possess an exceptional clarity of mind.


Message History

* * * LOW HITPOINT WARNING * * *
It was a potion of mutation.
You feel extremely strange.
Your thoughts seem clearer.
Slimy green scales grow over part of your body.
You feel sick. Duvessa closely misses you. The orc barely misses you.
It was a potion of magic.
Magic courses through your body. Duvessa barely misses you.
The orc closely misses you.
It was a potion of haste.
You feel yourself speed up.
You feel sick. Duvessa hits you with a short sword.
* * * LOW HITPOINT WARNING * * *
The orc barely misses you.
You completely miss Duvessa.
Duvessa is heavily wounded.
Duvessa completely misses you.
You completely miss Duvessa.
Duvessa is heavily wounded.
Duvessa barely misses you.
You slash Duvessa!
Duvessa is almost dead.
You die... █.....█ █.█.█ █........█ █.█ █.....█ █.█.█ ████████.█ █.█ ███████ █.█.█ ███.█ █.█ █ █.█.█ █...█ █.█ . █.█.█ █.██████.█ ████.█.█ █........█ █....█.█ ██████████

█.....o██████
█....eoe@...█
███...o████.█
█....█ █.█
█....█ █.█
████.█ █.█
█.█
█.█████████
█.█
█.........█
█.█
█████████.█
█.█


You could see Duvessa, Dowan and 3 orcs.

Vanquished Creatures
  A phantom (D:5)
  A scorpion (D:5)
  An orc wizard (D:5)
  2 worker ants (D:4)
  Terence (D:2)
  Robin (D:2)
  4 gnolls (D:4)
  7 adders
  An ooze (D:2)
  An adder skeleton (D:5)
  An adder zombie (D:4)
  3 dart slugs
  6 leopard geckos
  4 orcs
  2 giant cockroaches
  15 goblins
  12 hobgoblins
  4 jackals
  2 quokkas
  A ball python (D:2)
  11 bats
  3 frilled lizards
  A jackal skeleton (D:4)
  4 kobolds
  A quokka skeleton (D:4)
  12 rats
102 creatures vanquished.

Notes
Turn   | Place    | Note
-------+----------+-------------------------------------------
     0 | D:1      | nht the Hill Orc Gladiator began the quest for the Orb.
     0 | D:1      | Reached XP level 1. HP: 18/18 MP: 1/1
   119 | D:1      | Found a snail-covered altar of Cheibriados.
   154 | D:1      | Reached XP level 2. HP: 13/25 MP: 2/2
   244 | D:1      | Reached skill level 5 in Axes
   677 | D:2      | Reached XP level 3. HP: 27/30 MP: 3/3
   703 | D:2      | Noticed Robin
   710 | D:2      | Killed Robin
   710 | D:2      | Reached skill level 6 in Axes
   754 | D:2      | Reached XP level 4. HP: 29/37 MP: 4/4
   771 | D:2      | Noticed Terence
   779 | D:2      | Killed Terence
  1119 | D:2      | Found a bloodstained altar of Trog.
  1122 | D:2      | Reached skill level 7 in Axes
  1266 | D:2      | Reached XP level 5. HP: 36/42 MP: 5/5
  1800 | D:3      | Found a deep blue altar of Sif Muna.
  2308 | D:3      | Reached skill level 8 in Axes
  2762 | D:4      | Reached XP level 6. HP: 45/50 MP: 6/6
  2978 | D:4      | Reached skill level 9 in Axes
  3130 | D:4      | Got a creamy pearl robe
  3141 | D:4      | Identified the +0 robe of the Louse {-Tele Str+6 Int+3 Dex-5} (You found it on level 4 of the Dungeon)
  3355 | D:5      | Entered Level 5 of the Dungeon
  3364 | D:5      | Noticed a phantom
  3388 | D:5      | Killed a phantom
  3618 | D:5      | Became a worshipper of Beogh the Brigand
  3643 | D:5      | Noticed Dowan
  3644 | D:5      | Noticed Duvessa
  3655 | D:5      | Reached skill level 10 in Axes
  3655 | D:5      | Reached XP level 7. HP: 36/56 MP: 7/7
  3666 | D:5      | Gained mutation: You possess an exceptional clarity of mind. [potion of mutation]
  3666 | D:5      | Gained mutation: You are partially covered in slimy green scales. (AC +2) [potion of mutation]
  3668 | D:5      | HP: 1/56 [Duvessa/short sword (5)]
  3671 | D:5      | Succumbed to a scorpion's poison

Vault maps used:
D:1:      dpeg_arrival_subterranean_lakeside_camping, serial_forest,
          infiniplex_forest_clump_tiny, infiniplex_forest_zigzag_1,
          infiniplex_forest_straight_2, infiniplex_forest_straight_2,
          infiniplex_forest_straight_3, infiniplex_forest_corner_2,
          infiniplex_forest_clump_curved, minmay_hexomino_r4
D:2:      minmay_misc_feat_rugged, trog_butcher_becter, uniq_robin, uniq_terence
D:3:      marbit_many_paths, first_bread
D:4:      interstate_on_off
D:5:      uniq_duvessa, uniq_menkaure

Skill      XL: |  1  2  3  4  5  6 |
---------------+-------------------+-----
Axes           | 5 6 7 8 10 | 10.1
Fighting       | |  2.4
Throwing       | |  1.7
Dodging        | |  2.4

Action                   |  1- 3 |  4- 6 |  7- 9 || total
-------------------------+-------+-------+-------++-------
Melee: War axe           |    79 |   248 |    10 ||   337
Invok: Convert to Beogh  |       |     1 |       ||     1
  Use: Potion            |       |     2 |     6 ||     8
 Stab: Sleeping          |       |     1 |       ||     1
  Eat: Chunk             |       |     9 |       ||     9
Armor: Leather armour    |    30 |    73 |     1 ||   104
       Skin              |       |     1 |       ||     1
Dodge: Dodged            |    67 |   162 |    11 ||   240
